 Dungeon Crawl Stone Soup version 0.31-a0-210-gccc998df9b (webtiles) character file.

Game seed: 11240728993180977214

93 qw the Shooter (level 4, -1/26 HPs)
             Began as a Gargoyle Hexslinger on June 30, 2023.
             Slain by Terence
             ... wielding a +0 short sword
              (3 damage)
             ... on level 2 of the Dungeon.
             The game lasted 00:00:50 (1377 turns).

qw the Shooter (Gargoyle Hexslinger)                Turns: 1377, Time: 00:00:50

Health: -1/26      AC:  5    Str: 11    XL:     4   Next: 62%
Magic:  5/5        EV: 12    Int: 14    God:
Gold:   97         SH:  0    Dex: 14    Spells: 4/5 levels left

rFire   . . .        Y - +1 sling
rCold   . . .        (no shield)
rNeg    + . .        c - +0 robe
rPois   inf          (no helmet)
rElec   +            (no cloak)
rCorr   .            (no gloves)
SInv    .            (no boots)
Will    .....        (no amulet)
Stlth   +            (no ring)
HPRegen 0.24/turn    (no ring)
MPRegen 0.09/turn

%: no passive effects
@: no status effects
A: sickness immunity, AC +3, negative energy resistance 1, electricity
resistance, torment resistance 1, petrification resistance
a: no special abilities


You were on level 2 of the Dungeon.
You visited 1 branch of the dungeon, and saw 2 of its levels.

You collected 97 gold pieces.


Innate Abilities, Weirdness & Mutations

You are immune to sickness and miasma.
Your stone body is resilient. (AC +3)
You are immune to poison.
You resist negative energy. (rN+)
You are resistant to electric shocks. (rElec)
You are resistant to unholy torment.
You are immune to petrification.


   Skills:
 - Level 2.0 Fighting
 + Level 4.4 Ranged Weapons
 - Level 1.5 Dodging
 - Level 1.0 Spellcasting
 - Level 2.6 Hexes


You had 4 spell levels left.
You knew the following spells:

 Your Spells              Type           Power      Damage    Failure   Level
a - Slow                  Hex            32%        N/A       9%          1

Your spell library contained the following spells:

 Spells                   Type           Power      Damage    Failure   Level
 Inner Flame              Hex/Fire       4%         N/A       41%         3
 Portal Projectile        Hex/Tloc       8%         N/A       41%         3
 Cause Fear               Hex            4%         N/A       65%         4

Inventory:

Hand Weapons
 Y - a +1 sling (weapon)
Armour
 a - a +2 pair of gloves of stealth
 c - a +0 robe (worn)
Jewellery
 e - an amulet of regeneration
Scrolls
 b - a scroll of amnesia {unknown}
 h - a scroll of enchant armour {unknown}
 l - a scroll of enchant weapon {unknown}
Potions
 d - a potion of ambrosia {unknown}
 f - a potion of curing {unknown}
 g - 2 potions of cancellation {unknown}
 i - a potion of heal wounds {unknown}
 j - a potion of attraction {unknown}
 k - a potion of berserk rage {unknown}

Dungeon Overview and Level Annotations

Branches:
Dungeon (2/15)

Altars:
Gozag

Annotations:
D:2 Terence


Message History

You shoot a sling bullet.
The sling bullet hits Terence but does no damage.
Terence is moderately wounded.
Terence hits you with a +0 short sword.
The kobold hits you with a +0 short sword.
You shoot a sling bullet.
The sling bullet closely misses Terence.
Terence hits you but does no damage.
The kobold hits you with a +0 short sword.
You shoot a sling bullet. The sling bullet hits Terence.
Terence is moderately wounded.
Terence hits you but does no damage. The kobold closely misses you.
You shoot a sling bullet.
The sling bullet completely misses Terence.
Terence hits you but does no damage. The kobold closely misses you.
Terence hits you with a +0 short sword. The kobold hits you but does no damage.
You shoot a sling bullet.
The sling bullet hits Terence but does no damage.
Terence is moderately wounded.
Terence hits you with a +0 short sword. The kobold closely misses you.
You shoot a sling bullet.
The sling bullet closely misses Terence.
Terence shouts, "Now you die!" Terence hits you but does no damage.
The kobold hits you but does no damage.
You shoot a sling bullet.
The sling bullet hits Terence but does no damage.
Terence is moderately wounded.
Terence hits you with a +0 short sword.
The kobold hits you with a +0 short sword.
You shoot a sling bullet.
The sling bullet closely misses Terence.
Terence closely misses you. The kobold hits you but does no damage.
You shoot a sling bullet. The sling bullet hits Terence.
Terence is heavily wounded.
Terence misses you.
The kobold hits you with a +0 short sword.
You shoot a sling bullet.
The sling bullet closely misses Terence.
Terence hits you with a +0 short sword.
You die...

#.# #.# #.#
#.#....... #.# #
#.#....... #.#
#[#.#.......
#.###.#.#.......
###...............
#.......#.#.......
#.#........K......
#.#.##....@@......
###.#.##...%#.......
#......#.##.#.......
#.#.#..#.##.##.#####
#.#.#..#.##.# ..
#####.#%#..#.##.#
###
......#....#.##.#
#####.###.##.##.#
#########....##.#


You could see Terence and a kobold.

Vanquished Creatures
  3 adders (D:2)
  A worm (D:2)
  2 dart slugs (D:1)
  5 bats
  4 endoplasms
  3 giant cockroaches (D:1)
  8 goblins
  6 hobgoblins
  3 jackals (D:1)
  5 kobolds
  5 quokkas
  3 ball pythons
  3 frilled lizards
  2 rats
53 creatures vanquished.

Notes
Turn   | Place    | Note
-------+----------+-------------------------------------------
     0 | D:1      | qw the Gargoyle Hexslinger began the quest for the Orb.
     0 | D:1      | Reached XP level 1. HP: 12/12 MP: 2/2
     0 | D:1      | 0 ||| qw: Version: 0.3-a-24-ga2abf7b
     0 | D:1      | 0 ||| qw: Game counter: 7089
     0 | D:1      | 0 ||| qw: Melee chars always use a shield: true
     0 | D:1      | 0 ||| qw: God list: Okawaru
     0 | D:1      | 0 ||| qw: Allow faded altars: false
     0 | D:1      | 0 ||| qw: Do Orc after clearing Dungeon:15 true
     0 | D:1      | 0 ||| qw: Do second Lair branch before Depths: true
     0 | D:1      | 0 ||| qw: Lair rune preference: random
     0 | D:1      | 0 ||| qw: Goals: Normal
     0 | D:1      | 0 ||| PLANNING D:1-11
    88 | D:1      | 88 ||| FLEEEEING.
    89 | D:1      | 89 ||| FLEEEEING.
    90 | D:1      | 90 ||| FLEEEEING.
   181 | D:1      | Reached XP level 2. HP: 16/16 MP: 3/3
   220 | D:1      | Reached skill level 3 in Ranged Weapons
   404 | D:1      | Reached XP level 3. HP: 17/21 MP: 4/4
   723 | D:1      | Found a faded altar of an unknown god.
   730 | D:1      | 730 ||| DROPPING ring of flight.
   731 | D:1      | 731 ||| READING scroll labelled ZESAUH LOFRUNG.
   732 | D:1      | 732 ||| READING scroll labelled OXZONL RUNTOTO.
   733 | D:1      | 733 ||| READING scroll labelled AHUARH QOIGO.
   734 | D:1      | 734 ||| DROPPING scroll of poison.
   958 | D:2      | Reached XP level 4. HP: 26/26 MP: 5/5
   965 | D:2      | Reached skill level 4 in Ranged Weapons
  1035 | D:2      | Found an opulent altar of Gozag.
  1355 | D:2      | Noticed Terence
  1371 | D:2      | HP: 6/26 [Terence/+0 short sword (5)]
  1376 | D:2      | HP: 1/26 [kobold/+0 short sword (2)]
  1377 | D:2      | Slain by Terence

Levels and vault maps discovered:
D:1:      lightli_arrival_isolated_outpost, layout_loops_cross,
          hellmonk_ecumenical_altar_defaced_shrine
D:2:      layout_basic, basic_altar, minmay_pentomino_t4, uniq_terence

Skill      XL: |  1  2  3  4 |
---------------+-------------+-----
Ranged Weapons | 3 4 |  4.4
Fighting       | 2 |  2.0
Dodging        | |  1.5
Spellcasting   | |  1.0
Hexes          | |  2.6

Action                     |  1- 3 |  4- 6 || total
---------------------------+-------+-------++-------
   Fire: Sling             |   127 |    95 ||   222
    Use: Scroll            |     3 |       ||     3
 Armour: Robe              |    30 |    23 ||    53
  Dodge: Dodged            |    56 |    33 ||    89

Table legend:
 A = Non-vault XP
 B = Vault XP
 C = Vault XP percentage of total XP
 D = Non-vault monster count
 E = Vault monster count
 F = Vault count percentage of total count
                 A         B        C        D         E       F
            +---------+---------+-------+---------+---------+-------
      Total |     111 |      23 |  17.2 |      48 |       5 |   9.4
            +---------+---------+-------+---------+---------+-------
        D:1 |      46 |       6 |  11.5 |      25 |       2 |   7.4
        D:2 |      65 |      17 |  20.7 |      23 |       3 |  11.5
            +---------+---------+-------+---------+---------+-------
